 Dungeon Crawl Stone Soup version 0.30-a0-622-gddc90eaa04 (webtiles) character file.

Game seed: 7408374011283273605

340 OTABOTABOTAB the Insei (level 6, -1/41 HPs)
             Began as an Octopode Transmuter on Jan 11, 2023.
             Slain by a wraith (4 damage)
             ... in an ossuary.
             The game lasted 00:12:09 (3668 turns).

OTABOTABOTAB the Insei (Octopode Transmuter)        Turns: 3668, Time: 00:12:09

Health: -1/41      AC:  2    Str:  9    XL:     6   Next: 56%
Magic:  4/9        EV: 19    Int: 17    God:
Gold:   220        SH:  0    Dex: 18    Spells: 3/9 levels left

rFire   . . .      SeeInvis .      - Unarmed
rCold   . . .      Faith    .    (shield currently unavailable)
rNeg    . . .      Spirit   .    (helmet currently unavailable)
rPois   x          Reflect  .    (no amulet)
rElec   .          Harm     .    (no ring)
rCorr   .          Rampage  .    (no ring)
Will    .....                    (no ring)
Stlth   ++                       (no ring)
HPRegen 0.26/turn                (no ring)
MPRegen 0.11/turn                (no ring)
                                 (no ring)
                                 (no ring)

@: spider-form, attractive, flying, hasted and slowed
A: venomous fangs, almost no armour, (amphibious), 8 rings, tiny, (camouflage
1), (gelatinous body 1), (nimble swimmer 1), (tentacles)
a: End Transformation


You were in an ossuary.
You were a venomous arachnid creature.
You visited 1 branch of the dungeon, and saw 4 of its levels.
You also visited: Ossuary.

You collected 220 gold pieces.

Inventory:

Hand Weapons
 a - a +0 short sword of flaming
   (You took it off a kobold on level 1 of the Dungeon)
Missiles
 b - 3 boomerangs
 s - 14 stones
Wands
 d - a wand of light (6)
   (You took it off an orc priest on level 4 of the Dungeon)
Scrolls
 g - a scroll of butterflies {unknown}
 D - a scroll of blinking {!r}
 E - 2 scrolls of fear
 Y - 2 scrolls of teleportation {@r3}
Potions
 c - a potion of magic {unknown}
 e - a potion of ambrosia {unknown}
 B - a potion of brilliance
 H - a potion of haste
 P - a potion of lignification {!q}
 T - a potion of berserk rage {!q}


   Skills:
 - Level 2.5 Fighting
 - Level 2.0 Dodging
 + Level 4.7 Unarmed Combat
 - Level 2.0 Spellcasting
 + Level 4.1 Transmutations
 - Level 3.0 Poison Magic


You had 3 spell levels left.
You knew the following spells:

 Your Spells              Type           Power      Damage    Failure   Level
a - Beastly Appendage     Tmut           30%        N/A       12%         1
b - Wereblood             Tmut           15%        N/A       16%         2
c - Spider Form           Tmut/Pois      13%        N/A       30%         3

Your spell library contained the following spells:

 Spells                   Type           Power      Damage    Failure   Level
 Magic Dart               Conj           4%         1d3       38%         1
 Slow                     Hex            4%         N/A       38%         1
 Searing Ray              Conj           2%         2d4       50%         2
 Confusing Touch          Hex            1%         N/A       71%         3
 Vampiric Draining        Necr           1%         2d6       71%         3
 Ice Form                 Ice/Tmut       8%         N/A       82%         4
 Fulminant Prism          Conj/Hex       0%         3d5       96%         4


Dungeon Overview and Level Annotations

Branches:
Dungeon (4/15)            Ossuary (1/1)
 Temple: D:4-7

Altars:
Uskayaw

Shops:
D:1 ?(*

Annotations:
D:3 2 transporters, OTABOTABOTAB's ghost, weakling OpTm


Innate Abilities, Weirdness & Mutations

You are a venomous arachnid creature.
You have venomous fangs.
You are tiny and dextrous.
Your spellcasting is less reliable in this form.
Your armour is entirely melded.
You are incapable of wielding weapons or throwing items.
You cannot wear most types of armour.
((You are amphibious.))
You can wear up to eight rings at the same time.
((Your skin changes colour to match your surroundings (Stealth+).))
((Your rubbery body absorbs attacks. (AC +1, EV +1)))
((You are camouflaged when in or above water. (Stealth+)))
((You have tentacles for arms and can constrict up to eight enemies at once.))


Message History

h - a murky sapphire potion You open the door.
There is an open door here.
You open the door.
There is an open door here.
You open the door.
A wraith comes into view.
One of your tentacles grows a vicious spike.
You now have 8/9 mp.
There is an open door here.
Unknown command.
The helpless wraith fails to defend itself.
You tentacle-slap the wraith.
You pierce the wraith, but do no damage.
The wraith closely misses you.
You tentacle-slap the wraith.
You pierce the wraith, but do no damage.
You squeeze the wraith, but do no damage.
The wraith closely misses you.
You barely miss the wraith.
You pierce the wraith, but do no damage.
You tentacle-slap the wraith, but do no damage.
The wraith hits you. The wraith drains your vigour!
You feel yourself slow down.
You take 3 damage, and have 38/41 hp.
You tentacle-slap the wraith.
Your tentacle spike misses the wraith.
Your squeeze misses the wraith. The wraith hits you.
You take 4 damage, and have 34/41 hp.
You tentacle-slap the wraith.
You pierce the wraith, but do no damage.
The wraith hits you. The wraith drains your vigour!
You feel as though you will be slow longer.
The wraith closely misses you.
You take 4 damage, and have 30/41 hp.
You tentacle-slap the wraith.
Your tentacle spike misses the wraith.
You squeeze the wraith, but do no damage.
The wraith hits you. The wraith drains your vigour!
You feel as though you will be slow longer.
You take 2 damage, and have 28/41 hp.
You barely miss the wraith. The wraith barely misses you.
MP restored: 9 Unknown command.
You closely miss the wraith.
You pierce the wraith, but do no damage.
The wraith hits you! The wraith drains your vigour!
You feel as though you will be slow longer.
The wraith closely misses you.
You take 10 damage, and have 18/41 hp.
MASSIVE DAMAGE!!
You feel yourself speed up. The wraith hits you!
* * * LOW HITPOINT WARNING * * *
You take 11 damage, and have 7/41 hp.
MASSIVE DAMAGE!!
You feel better. The wraith closely misses you.
You regained 9 hp, and now have 16/41 hp.
You miscast Spider Form.
You are very lightly contaminated with residual magic.
Nothing appears to happen.
Your transformation is almost over.
The wraith hits you!
* * * LOW HITPOINT WARNING * * *
The wraith drains your vigour!
You feel as though you will be slow longer.
You take 14 damage, and have 2/41 hp.
MASSIVE DAMAGE!!
You now have 6/9 mp.
You feel better. The wraith hits you!
* * * LOW HITPOINT WARNING * * *
The wraith drains your vigour!
You feel as though you will be slow longer.
You regained 4 hp, and now have 6/41 hp.
Your tentacle spike disappears.
You turn into a venomous arachnid creature.
The wraith hits you.
* * * LOW HITPOINT WARNING * * *
The wraith drains your vigour!
You feel as though you will be slow longer.
You take 1 damage, and have 5/41 hp.
You now have 3/9 mp.
You hit the wraith. The wraith misses you.
You barely miss the wraith. The wraith barely misses you.
Unknown command.
You hit the wraith. The wraith closely misses you.
You hit the wraith. The wraith completely misses you.
Unknown command.
You hit the wraith but do no damage. The wraith misses you.
You barely miss the wraith. The wraith hits you.
* * * LOW HITPOINT WARNING * * *
The wraith drains your vigour!
You feel as though you will be slow longer.
You take 4 damage, and have 2/41 hp.
You hit the wraith. The wraith barely misses you.
Your magical contamination has completely faded away.
Unknown command.
It was a potion of attraction.
You feel attractive to monsters. The wraith misses you.
It was a potion of flight.
You feel very buoyant.
You fly up into the air.
The wraith hits you.
You die...

.# !/.# .#
/!.## .# ... .#
... .# # #.##
.# #. #.#W#.#
#.+##.###.##s.#
#.............#
#######'#######
#.# ###.###
#W▓.▓z# ###.###
#.# #'#


You could see a wraith.

Vanquished Creatures
  A scorpion (D:4)
  3 orc priests (D:4)
  An iguana (D:4)
  An orc wizard (D:4)
  2 adders
  A worm (D:2)
  3 dart slugs
  7 orcs (D:4)
  8 ball pythons
  7 endoplasms
  4 giant cockroaches
  7 goblins
  9 hobgoblins
  A jackal (D:2)
  7 kobolds
  3 quokkas
  A ball python skeleton (Ossuary)
  7 bats
  5 frilled lizards
  2 hobgoblin skeletons (Ossuary)
  A hobgoblin zombie (Ossuary)
  A kobold zombie (Ossuary)
  An orc skeleton (Ossuary)
  An orc zombie (Ossuary)
  4 rats
88 creatures vanquished.

Vanquished Creatures (others)
  An orc wizard (D:4)
  A plant (D:1)
2 creatures vanquished.

Grand Total: 90 creatures vanquished

Notes
Turn   | Place    | Note
-------+----------+-------------------------------------------
     0 | D:1      | OTABOTABOTAB the Octopode Transmuter began the quest for
                  | the Orb.
     0 | D:1      | Reached XP level 1. HP: 13/13 MP: 3/3
    92 | D:1      | Reached XP level 2. HP: 15/18 MP: 3/5
   287 | D:1      | Found Apiteuma's Assorted Antiques.
   458 | D:1      | Reached XP level 3. HP: 24/24 MP: 4/6
   617 | D:1      | Learned a level 2 spell: Wereblood
   621 | D:1      | Learned a level 3 spell: Spider Form
   642 | D:1      | Found Aheick's Weapon Emporium.
   659 | D:1      | Found Sosuirgh's Magic Scroll Shoppe.
   690 | D:1      | Reached skill level 2 in Fighting
  1261 | D:2      | Reached XP level 4. HP: 29/29 MP: 5/7
  1474 | D:2      | Reached skill level 3 in Transmutations
  1814 | D:2      | Trevise: Sorry I was pooping this time
  2046 | D:2      | Trevise: We are on discord if you want
  2046 | D:2      | Trevise: but okay if you need to be quiet :D
  2046 | D:2      | OTABOTABOTAB: jody and i are fucking with daisy and she's
                  | being loud af
  2127 | D:3      | Trevise: hjaha ok
  2183 | D:3      | Found a transporter.
  2186 | D:3      | Noticed a kobold brigand
  2231 | D:3      | Found a transporter.
  2258 | D:3      | Noticed a small abomination
  2270 | D:3      | Noticed a small abomination
  2348 | D:3      | Found a hide-covered altar of Uskayaw.
  2560 | D:3      | Noticed OTABOTABOTAB's ghost (weakling OpTm)
  2669 | D:3      | Found a faded altar of an unknown god.
  2916 | D:3      | Identified the +1 scale mail "Bish" {rC- Will+ rCorr}
  2975 | D:4      | Noticed a scorpion
  3014 | D:4      | Killed a scorpion
  3015 | D:4      | Reached skill level 4 in Unarmed Combat
  3015 | D:4      | Reached skill level 1 in Poison Magic
  3015 | D:4      | Reached XP level 5. HP: 27/35 MP: 4/8
  3100 | D:4      | Reached skill level 2 in Poison Magic
  3240 | D:4      | Reached XP level 6. HP: 41/41 MP: 3/9
  3249 | D:4      | Reached skill level 4 in Transmutations
  3258 | D:4      | Reached skill level 3 in Poison Magic
  3518 | D:4      | Found a sand-covered staircase.
  3522 | Ossuary  | Entered an ossuary
  3632 | Ossuary  | Noticed a wraith
  3632 | Ossuary  | Noticed a flying skull
  3644 | Ossuary  | Noticed a wraith
  3655 | Ossuary  | HP: 7/41 [wraith (12)]
  3657 | Ossuary  | HP: 2/41 [wraith (14)]
  3665 | Ossuary  | HP: 2/41 [wraith (4)]
  3668 | Ossuary  | Slain by a wraith

Illustrated notes

Levels and vault maps discovered:
D:1:      eino_arrival_tree_alley, layout_loops_cross, serial_forest,
          infiniplex_forest_straight_2, infiniplex_forest_straight_3,
          infiniplex_forest_clump_curved, infiniplex_forest_clump_long,
          infiniplex_forest_lined_3, infiniplex_forest_straight_2,
          infiniplex_forest_straight_2, serial_shops, shop,
          nicolae_shop_behind_doors, nicolae_shop_overgrown_old_shop,
          minmay_misc_feat_room
D:2:      layout_basic, minmay_close_crescents
D:3:      layout_basic, mainiacjoe_overflow_six_doors_small,
          gammafunk_ghost_abyssal_escape,
          dreamdust_ecumenical_altar_sealed_demon,
          hangedman_abyss_or_decor_lesser_grid, chequers_serial_rivers_micro_d,
          kennysheep_cluttered_room
D:4:      layout_basic, enter_ossuary_5, uniq_blork_the_orc, uniq_edmund,
          uniq_pikel
Ossuary:  ossuary_due_cavern

Skill      XL: |  1  2  3  4  5  6 |
---------------+-------------------+-----
Fighting       | 2 |  2.5
Transmutations | 3 4 |  4.1
Unarmed Combat | 4 |  4.7
Poison Magic   | 1 2 3 |  3.0
Dodging        | |  2.0
Spellcasting   | |  2.0

Action                   |  1- 3 |  4- 6 || total
-------------------------+-------+-------++-------
Melee: Unarmed           |    65 |   126 ||   191
       Tentacles         |    15 |    11 ||    26
       Constrict         |    21 |    22 ||    43
       Kick              |    15 |    28 ||    43
       Punch             |     2 |     1 ||     3
Throw: Stone             |     5 |     9 ||    14
 Cast: Beastly Appendage |    18 |    18 ||    36
       Wereblood         |     1 |     2 ||     3
       Spider Form       |       |     4 ||     4
 Abil: End Transformatio |    10 |    13 ||    23
  Use: Scroll            |       |    11 ||    11
       Potion            |       |     5 ||     5
 Stab: Sleeping          |     6 |     8 ||    14
Armor: Skin              |    12 |     4 ||    16
Dodge: Dodged            |    45 |    74 ||   119

Table legend: (Time is in decaauts)
 A = Elapsed time spent in this place.
 B = Non-inter-level travel time spent in this place.
 C = Inter-level travel time spent in this place.
 D = Time resting spent in this place.
 E = Time spent auto-exploring this place.
 F = Levels seen in this place.
 G = Mean time per level.
                   A        B        C        D        E       F      G
               +--------+--------+--------+--------+--------+-----+--------+
         Total |   3656 |   3571 |     85 |    142 |   2738 |   5 |  731.2 |
       Dungeon |   3510 |   3425 |     85 |    142 |   2645 |   4 |  877.5 |
       Ossuary |    145 |    145 |      0 |      0 |     93 |   1 |  145.0 |
               +--------+--------+--------+--------+--------+-----+--------+

Top non-repeatable levels by time:
     D:1: 1116 daAuts
     D:2: 947 daAuts
     D:3: 894 daAuts
     D:4: 552 daAuts
 Ossuary: 145 daAuts

Table legend:
 A = Kills in this place as a percentage of kills in entire the game.
 B = Kills by you in this place as a percentage of kills by you in the entire game.
 C = Kills by friends in this place as a percentage of kills by friends in the entire game.
 D = Other kills in this place as a percentage of other kills in the entire game.
 E = Experience gained in this place as a percentage of experience gained in the entire game.
 F = Experience gained in this place divided by the number of levels of this place that you have seen.
                   A       B       C       D       E      F
               +-------+-------+-------+-------+-------+----------------------
         Total | 100.0 | 100.0 |   N/A | 100.0 | 100.0 |  97.4
       Dungeon |  92.1 |  92.0 |   N/A | 100.0 |  98.6 | 120.0
       Ossuary |   7.9 |   8.0 |   N/A |   0.0 |   1.4 |   7.0
               +-------+-------+-------+-------+-------+----------------------
